 Dungeon Crawl Stone Soup version 0.21.0 (webtiles) character file.

695 rgaf the Grappler (level 7, 0/62 HPs)
             Began as a Troll Hunter on Jan 7, 2018.
             Slain by a slave (6 damage)
             ... led by Pikel
             ... on level 4 of the Dungeon.
             The game lasted 00:03:36 (3129 turns).

rgaf the Grappler (Troll Hunter)                    Turns: 3129, Time: 00:03:37

Health: 0/62       AC:  6    Str: 21    XL:     7   Next: 37%
Magic:  6/6        EV: 10    Int:  7    God:
Gold:   195        SH:  0    Dex: 12    Spells: 6/6 levels left

rFire    . . .     SeeInvis .     - Unarmed
rCold    . . .     Gourm    +   (no shield)
rNeg     . . .     Faith    .   b - +0 robe
rPois    .         Spirit   .   (helmet restricted)
rElec    .         Reflect  .   l - +0 cloak
rCorr    .         Harm     .   (gloves unavailable)
MR       .....     Rnd*Tele +   (boots unavailable)
Stlth    +.........             (no amulet)
HPRegen  0.60/turn              g - ring of teleportation (curse)
MPRegen  0.10/turn              (no ring)

@: no status effects
A: large, unfitting armour, claws 3, fast metabolism 3, gourmand, regeneration
1, shaggy fur 1, tough skin 2
a: no special abilities


You were on level 4 of the Dungeon.
You were very full.

You visited 1 branch of the dungeon, and saw 4 of its levels.

You collected 195 gold pieces.

Inventory:

Missiles
 c - 5 large rocks (quivered)
 d - 2 throwing nets
Armour
 b - a +0 robe (worn)
 l - a +0 cloak (worn)
Jewellery
 g - a cursed ring of teleportation (left claw)
 i - a +5 ring of intelligence
 p - an uncursed ring of fire
Wands
 m - a wand of random effects (26)
 u - a wand of paralysis (14)
Scrolls
 e - a scroll of enchant weapon
 j - 4 scrolls of teleportation
 n - 2 scrolls of identify
Potions
 a - 5 potions of curing {unknown}
 o - a potion of haste {unknown}
 q - a potion of agility {unknown}
 s - a potion of heal wounds {unknown}
 v - a potion of magic {unknown}
 w - 2 potions of resistance {unknown}
Comestibles
 f - 8 rations


   Skills:
 - Level 1.5 Fighting
 - Level 3.6 Throwing
 - Level 1.5 Dodging
 - Level 0.3 Stealth
 + Level 8.1 Unarmed Combat


You had 6 spell levels left.
You didn't know any spells.

Dungeon Overview and Level Annotations

Branches:
Dungeon (4/15)
 Temple: D:4-7

Altars:
Elyvilon
Gozag
Hepliaklqana
Makhleb
Okawaru
The Shining One

Annotations:
D:4 Pikel


Innate Abilities, Weirdness & Mutations

You are too large for most types of armour.
You have claws for hands.
Your metabolism is lightning-fast.
You like to eat raw meat.
Your natural rate of healing is unusually fast.
You are covered in fur. (AC +1)
You have very tough skin. (AC +2)


Message History

The slave closely misses you.
You scratch Pikel but do no damage.
Pikel is moderately wounded.
The slave hits you but does no damage. The giant cockroach closely misses you.
Pikel hits you with a whip of freezing! Pikel freezes you.
You completely miss Pikel.
Pikel is moderately wounded.
The giant cockroach bites you. The slave hits you.
Pikel hits you with a whip of freezing. Pikel freezes you.
* * * LOW HITPOINT WARNING * * *
The slave completely misses you.
You closely miss Pikel.
Pikel is moderately wounded.
The giant cockroach barely misses you. The slave hits you.
* * * LOW HITPOINT WARNING * * *
Pikel hits you but does no damage. The slave completely misses you.
The slave hits you.
* * * LOW HITPOINT WARNING * * *
The slave hits you.
You die...

.>.....###...##..⌠.⌠.
......#...###..⌠._.⌠
#.....#.....##..⌠.⌠.
######.....##.....##..⌠..
...........######..##...#
...........#........##.##
.......pK..#.........###.
.......psp.#..........#..
.......$@..#........#.#..
...........#........+....
..###.....#........##.#(
. ###.....#.....####..#.
#.......#.....#.......
#.......#.....#.......
#.......'.....#.......
#.......#.....#.......
#.......#.....#.......


You could see Pikel, 3 slaves and a giant cockroach.

Vanquished Creatures
  Grinder (D:4)
  A slave (D:4)
  A phantom (D:4)
  An ogre (D:4)
  A scorpion (D:4)
  Crazy Yiuf (D:2)
  2 orc priests (D:4)
  Jessica (D:2)
  Ijyb (D:3)
  Natasha (D:4)
  4 adders
  2 worms
  A dart slug (D:1)
  3 orcs
  A ball python (D:2)
  4 bats
  2 giant cockroaches
  12 hobgoblins
  4 jackals
  A quokka (D:4)
  7 frilled lizards
  11 goblins
  4 kobolds
  6 rats
  2 fungi (D:2)
75 creatures vanquished.

Notes
Turn   | Place    | Note
-------+----------+-------------------------------------------
     0 | D:1      | rgaf the Troll Hunter began the quest for the Orb.
     0 | D:1      | Reached XP level 1. HP: 19/19 MP: 0/0
   164 | D:1      | Reached skill level 1 in Unarmed Combat
   220 | D:1      | Reached XP level 2. HP: 25/27 MP: 1/1
   570 | D:1      | Reached skill level 2 in Unarmed Combat
  1050 | D:2      | Reached XP level 3. HP: 33/33 MP: 2/2
  1111 | D:2      | Found an opulent altar of Gozag.
  1145 | D:2      | Reached skill level 3 in Unarmed Combat
  1217 | D:2      | Found a faded altar of an unknown god.
  1245 | D:2      | Noticed Jessica
  1250 | D:2      | Killed Jessica
  1250 | D:2      | Reached XP level 4. HP: 37/41 MP: 3/3
  1282 | D:2      | Found a burning altar of Makhleb.
  1346 | D:2      | Reached skill level 4 in Unarmed Combat
  1348 | D:2      | Noticed a sky beast
  1395 | D:2      | Noticed an ogre
  1524 | D:2      | Found a white marble altar of Elyvilon.
  1752 | D:2      | Found a hazy altar of Hepliaklqana.
  1819 | D:2      | Found a runed door.
  1823 | D:2      | Noticed Crazy Yiuf
  1832 | D:2      | Killed Crazy Yiuf
  2022 | D:3      | Found an iron altar of Okawaru.
  2047 | D:3      | Noticed Ijyb
  2058 | D:3      | Killed Ijyb
  2058 | D:3      | Reached XP level 5. HP: 48/48 MP: 4/4
  2078 | D:3      | Reached skill level 5 in Unarmed Combat
  2633 | D:4      | Noticed Grinder
  2636 | D:4      | Noticed an ogre
  2645 | D:4      | Killed Grinder
  2645 | D:4      | Reached skill level 6 in Unarmed Combat
  2645 | D:4      | Reached XP level 6. HP: 37/55 MP: 5/5
  2655 | D:4      | Reached skill level 7 in Unarmed Combat
  2655 | D:4      | Reached XP level 7. HP: 26/62 MP: 6/6
  2939 | D:4      | Found a glowing golden altar of the Shining One.
  2993 | D:4      | Noticed Natasha
  2997 | D:4      | Killed Natasha
  3088 | D:4      | Reached skill level 8 in Unarmed Combat
  3114 | D:4      | Noticed Pikel
  3129 | D:4      | Slain by a slave

Skill      XL: |  1  2  3  4  5  6  7 |
---------------+----------------------+-----
Unarmed Combat | 1 2 3 4 6 7 8 |  8.1
Fighting       | |  1.5
Throwing       | |  3.6
Dodging        | |  1.5
Stealth        | |  0.3

Action                   |  1- 3 |  4- 6 |  7- 9 || total
-------------------------+-------+-------+-------++-------
Melee: Unarmed           |    85 |   138 |    36 ||   259
       Punch             |       |       |     1 ||     1
Throw: Large rock        |       |     1 |       ||     1
  Use: Scroll            |       |     5 |       ||     5
 Stab: Sleeping          |     3 |       |     1 ||     4
  Eat: Chunk             |    17 |    13 |     2 ||    32
Armor: Robe              |    22 |    35 |    14 ||    71
Dodge: Dodged            |    43 |    60 |    24 ||   127
